[Event "*** Titled Tuesday Blitz"]
[Site "Chess.com"]
[Date "2021.04.20"]
[Round "8"]
[White "Salem-AR"]
[Black "Arystanner"]
[Result "1-0"]
[WhiteElo "2960"]
[BlackElo "2804"]
[TimeControl "180+1"]
[EndTime "11:27:18 PDT"]
[Termination "Salem-AR won on time"]

1. d4 d5 2. c4 e6 3. Nc3 Nf6 4. Nf3 a6 5. cxd5 exd5 6. Bg5 Be6 7. Bxf6 Qxf6 8. Qb3 Ra7 9. g3 Qd8 10. h4 Be7 11. Bh3 Bxh3 12. Rxh3 c6 13. Kf1 Nd7 14. g4 O-O 15. g5 Nb6 16. Kg2 Nc4 17. Rah1 b5 18.
Qc2 f5 19. b3 Nd6 20. Ne5 Rc7 21. e3 Nf7 22. Nd3 c5 23. dxc5 Bxc5 24. Nf4 Bb4 25.
Nfxd5 Bxc3 26. Rd1 Qa8 27. e4 Rc5 28. Rxc3 Rxc3 29. Qxc3 fxe4 30. Ne7+ Kh8 31. Nf5 Rg8 32. Rd7 e3+ 33. f3 Qf8 34. Qxe3 h6 35. Kf2 Nd8 36.
Ne7 Qf7 37. Qe4 Re8 38. Ng6+ Kh7 39. Ne5+ 1-0

[Event "*** Titled Tuesday Blitz"]
[Site "Chess.com"]
[Date "2021.04.20"]
[Round "8"]
[White "prachiti01"]
[Black "MFguimaraes"]
[Result "1-0"]
[WhiteElo "2248"]
[BlackElo "2403"]
[TimeControl "180+1"]
[EndTime "11:27:18 PDT"]
[Termination "prachiti01 won by resignation"]

1. e4 e5 2. Nf3 Nc6 3. Bb5 Nf6 4. O-O Bc5 5. Nc3 O-O 6. d3 d6 7. Nd5 Nxd5 8. exd5 Ne7 9. Bc4 h6 10. c3 Bb6 11. Bb3 Ng6 12. d4 Bg4 13. h3 Bxf3 14. Qxf3 exd4 15. cxd4 Bxd4 16. Bc2 Qf6 17. Qb3 Rae8 18.
Bd2 Re2 19. Bc3 Bxf2+ 20. Kh1 Qg5 21. Bxg6 fxg6 22. Qd1 Rfe8 23. Qd3 R8e3 24. Qc4 Re4 25. Qxc7 Bd4 26. Rg1 Bxc3 27. Qxc3 Qxd5 28. Raf1 R4e3 29.
Qc8+ Kh7 30. Rf8 g5 31. Rh8+ Kg6 32. Qg4 Re4 33. Qd7 Rh4 34. Rf8 Rf4 35. Rxf4 gxf4 36. Qg4+ Qg5 37. Qxe2 h5 38. Qd3+ Kf6 39. Qxd6+ Kf7 40.
Rd1 f3 41. Qd7+ Kg8 42. Qd8+ Kh7 43. Qxg5 fxg2+ 1-0

[Event "*** Titled Tuesday Blitz"]
[Site "Chess.com"]
[Date "2021.04.20"]
[Round "8"]
[White "lamomiablanca"]
[Black "shineatchess"]
[Result "1/2-1/2"]
[WhiteElo "2400"]
[BlackElo "2240"]
[TimeControl "180+1"]
[EndTime "11:27:18 PDT"]
[Termination "Game drawn by repetition"]

1. e4 c6 2. d4 d5 3. Nc3 dxe4 4. Nxe4 Nf6 5. Nxf6+ exf6 6. c3 Bd6 7. Bd3 O-O 8. Qc2 Re8+ 9. Ne2 h6 10. O-O Nd7 11. h3 Nf8 12. c4 c5 13. d5 Qc7 14. Nc3 a6 15. Bd2 Bd7 16. Rfe1 Be5 17. Ne4 f5 18. Nc3 f4 19. Be4 g5 20. Bf5 Kg7 21. Bxd7 Qxd7 22. Na4 Qd6 23. Qf5 Ng6 24. Bc3 b5 25. Bxe5+ Nxe5 26. cxb5 axb5 27. Nxc5 Qxd5 28. Qc2 Rac8 29. b4 f3 30. Rad1 Qa8 31. Qc3 f6 32. g3 Nf7 33. Rxe8 Rxe8 34. Re1 Rxe1+ 35. Qxe1 Qc8 36. Qe7 Qxh3 37. Ne6+ Kg6 38. Nf8+ Kg7 39. Ne6+ Kg6 40. Nf8+ Kg7 41. Ne6+ 1/2-1/2

[Event "*** Titled Tuesday Blitz"]
[Site "Chess.com"]
[Date "2021.04.20"]
[Round "8"]
[White "Qvalda"]
[Black "RamyresCoelho"]
[Result "1-0"]
[WhiteElo "2422"]
[BlackElo "2203"]
[TimeControl "180+1"]
[EndTime "11:27:18 PDT"]
[Termination "Qvalda won by checkmate"]

1. e4 c5 2. f4 e6 3. Nf3 d5 4.
Nc3 d4 5. Bb5+ Nd7 6. Bxd7+ Bxd7 7. Ne2 Bd6 8. d3 b6 9. O-O h5 10. c3 dxc3 11. bxc3 Nh6 12. d4 cxd4 13. cxd4 O-O 14.
f5 exf5 15. e5 Be7 16. Bxh6 gxh6 17. Nf4 h4 18. d5 Bc5+ 19. Kh1 Bb5 20. Re1 Bf2 21. Qd2 Bxe1 22. Rxe1 Rc8 23. Nh5 f4 24. Nf6+ Kg7 25. Qxf4 Bd3 26. Nxh4 Rc4 27. Nf5+ Bxf5 28.
Qxf5 Rh8 29. h3 Kf8 30. e6 Qe7 31. d6 Qxd6 32. e7+ Qxe7 33. Rxe7 Kxe7 34. Qe5+ Kf8 35. Nd5 Rh7 36. Qe7+ Kg7 37. Qf6+ Kg8 38. Ne7+ Kf8 39. Nf5 Rc1+ 40. Kh2 Ke8 41. Qe5+ Kf8 42. Qb8+ Rc8 43.
Qxc8# 1-0

[Event "*** Titled Tuesday Blitz"]
[Site "Chess.com"]
[Date "2021.04.20"]
[Round "8"]
[White "Korchmar_Vasiliy"]
[Black "Igor_Lysyj"]
[Result "1-0"]
[WhiteElo "2662"]
[BlackElo "2760"]
[TimeControl "180+1"]
[EndTime "11:27:21 PDT"]
[Termination "Korchmar_Vasiliy won by resignation"]

1. d4 d5 2. Nf3 Nf6 3. Bf4 c5 4.
e3 Nc6 5. Nbd2 Bg4 6. c3 e6 7. Qa4 Nd7 8. Ne5 Ndxe5 9. Bxe5 Qd7 10. Bb5 cxd4 11. cxd4 f6 12. Bg3 a6 13. Rc1 Rc8 14. Bd3 Be7 15. O-O O-O 16. Nb3 Bf5 17. Bxf5 exf5 18. Nc5 Bxc5 19. Rxc5 Rcd8 20. Rfc1 Rfe8 21. b4 g5 22. Qb3 Qf7 23. Qb2 Re4 24. a4 f4 25. f3 Rxe3 26. Bf2 Re7 27. Qd2 Red7 28. b5 axb5 29. axb5 Ne7 30. Rc7 Nf5 31. Qa5 Rxc7 32.
Rxc7 Rd7 33. b6 Re7 34. Qa8+ Kg7 35. Qxb7 Qe6 36. Rxe7+ Nxe7 37. Qc7 Qe2 38. h3 Kf7 39.
b7 Qd1+ 40. Kh2 Qf1 41. Bg1 Qe1 42. b8=Q 1-0

[Event "*** Titled Tuesday Blitz"]
[Site "Chess.com"]
[Date "2021.04.20"]
[Round "8"]
[White "Aradhya2000"]
[Black "ZEN-22"]
[Result "1-0"]
[WhiteElo "2620"]
[BlackElo "2390"]
[TimeControl "180+1"]
[EndTime "11:27:21 PDT"]
[Termination "Aradhya2000 won by checkmate"]

1. d4 d5 2. c4 e6 3. Nc3 c5 4.
cxd5 exd5 5. Nf3 Nc6 6. g3 Nf6 7. Bg2 h6 8. O-O Be6 9. dxc5 Bxc5 10. Na4 Bb6 11. Nxb6 axb6 12. Be3 O-O 13. b3 Re8 14. Bd4 Bg4 15. h3 Bh5 16. e3 Ne4 17. Qd3 Re6 18. a4 g5 19. Rfc1 Bg6 20. Qb5 Nxd4 21. Nxd4 Rf6 22. Ra2 Rc8 23. Rxc8 Qxc8 24. Qxd5 Nc3 25. Qe5 Qd8 26. Rd2 Qd6 27. Qxd6 Rxd6 28. Bxb7 Nb1 29. Rb2 Nc3 30. Kf1 Rd7 31. Bc6 Rc7 32. Ke1 Kf8 33. b4 Ke7 34. a5 bxa5 35. bxa5 Kd6 36. a6 Ra7 37. Bb7 Be4 38. Bxe4 Rxa6 39. Nb5+ Nxb5 40.
Rxb5 Ra2 41. Rf5 Ke6 42. Bd5+ Kxf5 43. g4+ Ke5 44. Bxa2 f5 45. Ke2 f4 46. Kf3 fxe3 47.
fxe3 Kf6 48. Ke4 Kg6 49. Ke5 h5 50. Bb1+ Kh6 51. Kf5 hxg4 52. hxg4 Kg7 53. e4 Kf7 54.
e5 Ke7 55. Kxg5 Ke6 56. Kf4 Kf7 57. g5 Kg7 58. g6 Kh6 59. Kf5 Kg7 60. e6 Kf8 61.
Kf6 Kg8 62. e7 Kh8 63. e8=Q# 1-0

[Event "*** Titled Tuesday Blitz"]
[Site "Chess.com"]
[Date "2021.04.20"]
[Round "8"]
[White "sorrm8thatscheckm8"]
[Black "Margency"]
[Result "1/2-1/2"]
[WhiteElo "2583"]
[BlackElo "2709"]
[TimeControl "180+1"]
[EndTime "11:27:22 PDT"]
[Termination "Game drawn by agreement"]

1. d4 d5 2. c4 e6 3. Nc3 c5 4. cxd5 exd5 5. Nf3 Nc6 6. g3 Nf6 7. Bg2 Be7 8. O-O O-O 9. Bg5 cxd4 10. Nxd4 h6 11. Be3 Re8 12. Rc1 Bg4 13. h3 Be6 14. Qa4 Qd7 15. Nxe6 fxe6 16. Rfd1 Rad8 17. Ne4 Nxe4 18. Bxe4 Rf8 19. Bb1 e5 20. Qg4 Qxg4 21. hxg4 Bg5 22. Bxg5 hxg5 23. Rc5 d4 24. Be4 Rfe8 25.
Bxc6 bxc6 26. Rxc6 Rc8 27. Rdc1 Rxc6 28. Rxc6 Rd8 29.
Rc5 e4 30. Kf1 d3 31. exd3 exd3 32. Ke1 Re8+ 33. Kd2 Re2+ 34. Kxd3 Rxb2 35. Ra5 Rxf2 36. Rxa7 Rf3+ 37. Ke4 Rxg3 38. Kf5 Rc3 39. Kxg5 Kh7 40. a4 Rc5+ 41. Kh4 Kh6 42. Ra6+ g6 43. a5 Rb5 44. Ra8 Rb4 45. Rg8 Ra4 46. Rh8+ Kg7 47. Ra8 Kh6 48. a6 g5+ 49. Kh3 Kg7 50. a7 Ra3+ 51. Kg2 Kh7 52. Kf2 Kg7 53. Ke2 Kh7 54. Kd2 Kg7 55. Ke2 1/2-1/2

[Event "*** Titled Tuesday Blitz"]
[Site "Chess.com"]
[Date "2021.04.20"]
[Round "8"]
[White "MeekMammoth2"]
[Black "Roedor"]
[Result "1-0"]
[WhiteElo "2458"]
[BlackElo "2283"]
[TimeControl "180+1"]
[EndTime "11:27:22 PDT"]
[Termination "MeekMammoth2 won on time"]

1. e4 c5 2. c3 d5 3. exd5 Qxd5 4. d4 g6 5. Be3 cxd4 6. cxd4 Bg7 7. Nf3 Nf6 8. Nc3 Qd8 9. h3 O-O 10. Bc4 Nc6 11. O-O Na5 12. Bb3 Nxb3 13. Qxb3 b6 14. d5 Bb7 15. Rad1 Rc8 16. Rfe1 Re8 17. Bf4 Nd7 18.
Qa3 Ra8 19. Nb5 Bf8 20. Nc7 e5 21. d6 Qxc7 22. dxc7 Bxa3 23. bxa3 exf4 24. Rxe8+ Rxe8 25. Rxd7 f6 26. Nd4 f3 27. gxf3 Kf8 28. Rxh7 Re1+ 29. Kg2 Rc1 30. Ne6+ Kg8 31. Rg7+ Kh8 32. Rxg6 Bd5 33. Rxf6 Bxe6 34. Rxe6 Rxc7 35. Kg3 Kg7 36. Re4 Rc2 37. Ra4 a5 38. Rg4+ Kf6 39. h4 Rxa2 40. a4 Rb2 41. h5 Rb4 42. Rg6+ Kf5 43. Rg8 Rxa4 44. h6 Ra1 45. Kg2 1-0

[Event "*** Titled Tuesday Blitz"]
[Site "Chess.com"]
[Date "2021.04.20"]
[Round "8"]
[White "secretsuperstar7"]
[Black "DKmirl"]
[Result "1-0"]
[WhiteElo "2238"]
[BlackElo "1890"]
[TimeControl "180+1"]
[EndTime "11:27:22 PDT"]
[Termination "secretsuperstar7 won on time"]

1. d4 d5 2. c4 c6 3. Nc3 Nf6 4. e3 g6 5. Nf3 Bg7 6. Bd3 O-O 7. O-O Nbd7 8. b3 b6 9. Bb2 Bb7 10. Ne5 Rc8 11. f4 c5 12. cxd5 cxd4 13. exd4 Nxd5 14.
Nxd5 Bxd5 15. Ba6 Rc7 16. Rc1 Nb8 17. Bc4 Bxc4 18. bxc4 Nc6 19. Re1 Bh6 20. d5 Nxe5 21. Bxe5 Rd7 22. Qf3 b5 23. Red1 bxc4 24. Rxc4 Qb6+ 25.
Bd4 Qa6 26. Rc6 Qxa2 27. Qh3 Bg7 28. Bxg7 Kxg7 29. Qxd7 Qe2 30. Rf1 Qe3+ 31. Kh1 Qe2 32. Rg1 a5 33. Qb7 Rd8 34. d6 exd6 35. Rc7 Rf8 36. Qb1 Re8 37. Qa1+ Kg8 38. Qxa5 Re3 39. Qa8+ Kg7 40. Qb7 Kh6 41. Rxf7 Qe1 42. h3 1-0

[Event "*** Titled Tuesday Blitz"]
[Site "Chess.com"]
[Date "2021.04.20"]
[Round "8"]
[White "FGHSMN"]
[Black "Ladislav1969"]
[Result "1-0"]
[WhiteElo "2481"]
[BlackElo "2316"]
[TimeControl "180+1"]
[EndTime "11:27:25 PDT"]
[Termination "FGHSMN won on time"]

1. e4 c5 2. Nf3 e6 3. d4 cxd4 4. Nxd4 a6 5. c4 Nf6 6. Nc3 Bb4 7. Qf3 Qc7 8. Bd2 Qe5 9. Nc2 Bxc3 10. Bxc3 Qxe4+ 11. Qxe4 Nxe4 12. Bxg7 Rg8 13. Bh6 Nc6 14. Be3 d5 15.
cxd5 exd5 16. f3 Nd6 17. Kf2 Bf5 18. Nd4 Nxd4 19. Bxd4 Rc8 20. Re1+ Kd7 21. g4 Be6 22. Bd3 f5 23. h3 Rcf8 24. Re3 Nc4 25. Re2 Rg6 26.
Rhe1 Nd6 27. Bc5 fxg4 28. Bxg6 Rxf3+ 29. Kg2 hxg6 30. Bxd6 Bf5 31. hxg4 Be4 32. Bg3 Rf7+ 33. Kg1 Rf3 34. Kh2 Rf7 35. Rd2 Kc6 36. Rc1+ Kb5 37. Kg1 Rh7 38. Kf2 Rf7+ 39. Ke1 Rf3 40. Bf2 Rh3 41.
Rc3 Rh1+ 42. Ke2 a5 43. a4+ Ka6 44. Rb3 1-0

[Event "*** Titled Tuesday Blitz"]
[Site "Chess.com"]
[Date "2021.04.20"]
[Round "8"]
[White "noblerone"]
[Black "FMalexhdez"]
[Result "1-0"]
[WhiteElo "2395"]
[BlackElo "2224"]
[TimeControl "180+1"]
[EndTime "11:27:26 PDT"]
[Termination "noblerone won on time"]

1. d4 Nf6 2. Nf3 e6 3. Bg5 d5 4. e3 Be7 5. Bd3 O-O 6. Nbd2 b6 7. c3 Bb7 8. O-O Nbd7 9. Ne5 Nxe5 10. dxe5 Ne4 11.
Bxe7 Qxe7 12. Bxe4 dxe4 13. Qg4 Qc5 14. Qf4 f5 15.
Nb3 Qe7 16. h4 Rfd8 17. Rad1 Rd5 18. Rd4 Rad8 19. Rfd1 c5 20. R4d2 Rd3 21. h5 Ba6 22.
h6 g5 23. Qg3 Kf8 24. Qh3 Qf7 25. Kh2 Qg6 26. g3 Bc4 27. Rxd3 Rxd3 28. Rxd3 exd3 29.
Nd2 Bxa2 30. c4 a6 31. Qg2 Qxh6+ 32. Kg1 Qh5 33. Qa8+ Kg7 34. Qb7+ Kh6 35. Qe7 Qg6 36. Qf8+ Kh5 37. Kg2 b5 38. Qxc5 bxc4 39. Qa3 Bb3 40.
Qa1 Kh6 41. Qxa6 f4 42. Qd6 fxe3 43. fxe3 Qf5 44. Qe7 Kg6 45. Qe8+ Kh6 46. Qe7 Kg6 47. Qe8+ 1-0

[Event "*** Titled Tuesday Blitz"]
[Site "Chess.com"]
[Date "2021.04.20"]
[Round "8"]
[White "anon102030"]
[Black "eldur16"]
[Result "0-1"]
[WhiteElo "2722"]
[BlackElo "2621"]
[TimeControl "180+1"]
[EndTime "11:27:27 PDT"]
[Termination "eldur16 won on time"]

1. e4 e5 2. Nf3 Nc6 3. Bc4 Bc5 4. c3 Nf6 5. d4 exd4 6. cxd4 Bb4+ 7. Bd2 Bxd2+ 8. Nbxd2 d5 9. exd5 Nxd5 10. O-O O-O 11. Re1 Nce7 12. Rc1 c6 13. Ne4 h6 14.
Ne5 Bf5 15. Ng3 Be6 16. Ne4 Bf5 17. Qf3 Bxe4 18. Rxe4 Qb6 19. Bb3 Rad8 20. Rce1 a5 21. Qh3 a4 22. Bxa4 Qxb2 23. Bb3 Qd2 24. g3 Kh8 25. Nf3 Qc3 26. Kg2 Ng6 27. Ne5 Nxe5 28. dxe5 Nc7 29. R4e3 Qd2 30. R1e2 Qc1 31. g4 Nd5 32.
Rf3 Nf4+ 33. Rxf4 Qxf4 34. e6 fxe6 35. Bxe6 Rde8 36. Qb3 Qf6 37. h3 b5 38. a3 c5 39.
Kg3 c4 40. Qe3 Qd8 41. f4 Qd6 42. Kg2 b4 43. axb4 Qxb4 44. f5 c3 45. Rc2 Qb7+ 46.
Kg3 Rc8 0-1

[Event "*** Titled Tuesday Blitz"]
[Site "Chess.com"]
[Date "2021.04.20"]
[Round "8"]
[White "PavelShkapenko"]
[Black "Anna_ChessMate"]
[Result "0-1"]
[WhiteElo "2702"]
[BlackElo "2592"]
[TimeControl "180+1"]
[EndTime "11:27:27 PDT"]
[Termination "Anna_ChessMate won by resignation"]

1. e4 c6 2. d4 d5 3. e5 Bf5 4. h4 h5 5. Bd3 Bxd3 6. Qxd3 e6 7. Bg5 Qa5+ 8. Nd2 Qa6 9. c4 Ne7 10. Ne2 Nf5 11. O-O Bb4 12. b3 O-O 13. Ng3 Nxg3 14. fxg3 Nd7 15. Nf3 Rae8 16. a3 Be7 17. Bxe7 Rxe7 18.
Ng5 g6 19. Rf3 dxc4 20. bxc4 Nb6 21. Raf1 Qxc4 22. Qe4 Qd5 23. Qf4 c5 24. Ne4 Qxd4+ 25. Kh1 Nd5 26. Nf6+ Nxf6 27. exf6 Qxf4 28. fxe7 Qc7 29.
Rxf7 Qxe7 30. Rxe7 Rxf1+ 31. Kh2 Rb1 32. Rxe6 Kf7 33.
Rd6 c4 34. Rd7+ Ke6 35. Rc7 Kd5 36. g4 hxg4 37. Kg3 Rb2 38. a4 Kd4 39. Rd7+ Kc3 40. a5 Rb5 41. Kxg4 Kb3 42. a6 bxa6 43. Rxa7 c3 44. Rxa6 c2 45. Rc6 Rb4+ 46. Kg5 Rc4 47. Rxc4 Kxc4 48. Kxg6 c1=Q 49. g4 Qf4 50. Kh5 Kd5 51.
g5 Ke6 52. Kg6 Qxh4 0-1

[Event "*** Titled Tuesday Blitz"]
[Site "Chess.com"]
[Date "2021.04.20"]
[Round "8"]
[White "Michaelson_11"]
[Black "Harald_Schmidt"]
[Result "0-1"]
[WhiteElo "2225"]
[BlackElo "2404"]
[TimeControl "180+1"]
[EndTime "11:27:27 PDT"]
[Termination "Harald_Schmidt won on time"]

1. e4 e5 2. Nf3 Nc6 3. Nc3 Bd6 4.
d4 exd4 5. Nxd4 Be5 6. Be3 Nf6 7. f3 O-O 8. Bc4 Nxd4 9. Bxd4 d6 10. O-O Re8 11. Ne2 Be6 12. Bxe6 Rxe6 13. c3 c5 14. Bf2 Nh5 15. g3 g6 16. Qd3 Qb6 17. b3 Rc8 18. Rad1 Qa5 19. Qd2 c4 20. b4 Qa3 21. Nd4 Ree8 22. f4 Bg7 23. Rfe1 a6 24. Nf3 Nf6 25. Bd4 Nxe4 26. Qc2 Nxc3 27. Bxc3 Qxc3 28. Rxe8+ Rxe8 29. Qxc3 Bxc3 30. Rxd6 Bxb4 31. Rd7 b5 32. Rc7 Ba5 33. Rc6 Re6 34.
Rc8+ Kg7 35. Ne5 Bc3 36. Nd7 Rd6 37. Nc5 Bd4+ 38. Kg2 Bxc5 39. Rxc5 Rd2+ 40. Kf3 Rxa2 41. h4 Ra3+ 42. Kg4 c3 43. Kf3 b4 44. Ke2 Ra2+ 45.
Kd3 a5 46. Rc7 a4 47. Rc4 Rd2+ 48. Ke3 Rb2 49. Kd3 a3 0-1

[Event "*** Titled Tuesday Blitz"]
[Site "Chess.com"]
[Date "2021.04.20"]
[Round "8"]
[White "PowerThinking2650"]
[Black "lacafi"]
[Result "1-0"]
[WhiteElo "2401"]
[BlackElo "2223"]
[TimeControl "180+1"]
[EndTime "11:27:28 PDT"]
[Termination "PowerThinking2650 won on time"]

1. e4 c6 2. d4 d5 3. Nc3 dxe4 4.
Nxe4 Nf6 5. Nxf6+ exf6 6. c3 Bd6 7. Bd3 O-O 8. Qc2 h6 9. Ne2 Re8 10. O-O Nd7 11. Ng3 Nf8 12. Nf5 Bc7 13. Be3 Be6 14. Rad1 Qd7 15. Rfe1 Rad8 16. c4 Qc8 17. b4 Ng6 18. Nxh6+ gxh6 19. Bxg6 Bxh2+ 20. Kxh2 Qc7+ 21. Kg1 fxg6 22. Qxg6+ Qg7 23. Qxh6 Qxh6 24. Bxh6 Bxc4 25. Re3 Kf7 26. a3 Kg6 27. Bf4 Kf5 28. Bg3 Rxe3 29.
fxe3 Ke4 30. Kf2 Rh8 31. Rc1 Kd3 32. Bf4 Bd5 33. Rd1+ Kc2 34. Rg1 Kb2 35. a4 Kb3 36. b5 Kxa4 37. bxc6 Bxc6 38. Ra1+ Kb3 39. Rxa7 Kc4 40.
Ra1 Kd3 41. Ra3+ Ke4 42. Ra5 Rg8 43. g3 Rh8 44. Kg2 Kd3+ 45. d5 Bd7 46. Kf3 Rg8 47. e4 Bg4+ 48. Kf2 Rc8 49. Ra3+ Kc4 50. d6 1-0

[Event "*** Titled Tuesday Blitz"]
[Site "Chess.com"]
[Date "2021.04.20"]
[Round "8"]
[White "poppy73"]
[Black "AttractiveMustard"]
[Result "0-1"]
[WhiteElo "2196"]
[BlackElo "2365"]
[TimeControl "180+1"]
[EndTime "11:27:28 PDT"]
[Termination "AttractiveMustard won on time"]

1. e4 c6 2. Nc3 d5 3. Nf3 Bg4 4. h3 Bxf3 5. Qxf3 Nf6 6. e5 Nfd7 7. d4 e6 8. Qg3 c5 9. Nb5 cxd4 10. Nxd4 Qb6 11. c3 Nc6 12. Nxc6 bxc6 13. f4 g6 14. Bd3 Be7 15. b3 Rd8 16. Be3 Bc5 17. Bd2 Be7 18. Be3 c5 19. O-O d4 20. cxd4 cxd4 21. Bd2 Nc5 22.
Kh1 Nxd3 23. Qxd3 O-O 24. Rac1 Rd7 25. Rc4 Rfd8 26. Rfc1 Qb7 27. Be1 Qd5 28. Bf2 Qb5 29. a4 Qa6 30. Rd1 Qb7 31. Rb1 a5 32. Be1 Qb6 33.
Qd2 Rd5 34. Qd3 h5 35. Rbc1 Kg7 36. Rc6 Qb7 37. Bxa5 Rxa5 38. Rc7 Qb4 0-1

[Event "*** Titled Tuesday Blitz"]
[Site "Chess.com"]
[Date "2021.04.20"]
[Round "8"]
[White "TigrVShlyape"]
[Black "Msb2"]
[Result "1-0"]
[WhiteElo "2848"]
[BlackElo "2905"]
[TimeControl "180+1"]
[EndTime "11:27:29 PDT"]
[Termination "TigrVShlyape won on time"]

1. e4 c6 2. d4 d5 3. exd5 cxd5 4. Bd3 Nc6 5. c3 Qc7 6. Ne2 Bg4 7. O-O e6 8. Qe1 Be7 9. Bf4 Qb6 10. Nd2 Nf6 11. Rb1 Bh5 12. Bg3 Bg6 13. Nf4 Bxd3 14. Nxd3 O-O 15. Qe2 a5 16. a4 Qa6 17. Rfe1 Nd7 18.
Nc1 Qxe2 19. Rxe2 Nb6 20. Ra1 Rfc8 21. Nd3 Nd7 22. h3 b6 23. Bh2 Ra7 24. g4 Rb7 25. Kg2 b5 26. axb5 Rxb5 27. f4 Bd6 28. f5 Bxh2 29. fxe6 fxe6 30. Kxh2 Re8 31. Rae1 Nd8 32. Kg2 Nb6 33. h4 Na4 34. Nf3 Nb6 35. Ng5 Nc4 36. Nxe6 Nxe6 37. Rxe6 Rxe6 38. Rxe6 Nxb2 39. Ne5 Kf8 40. Ra6 a4 41. Ra7 Rb3 42. Rf7+ Ke8 43. Rxg7 Rxc3 44. Rxh7 Rc2+ 45. Kg3 Rd2 46. Ra7 Rxd4 47. h5 Re4 48. Ng6 Re3+ 49. Kf4 Re4+ 50. Kg5 Nd3 51. h6 1-0

[Event "*** Titled Tuesday Blitz"]
[Site "Chess.com"]
[Date "2021.04.20"]
[Round "8"]
[White "ClydeHillKid"]
[Black "Didici"]
[Result "0-1"]
[WhiteElo "2424"]
[BlackElo "2600"]
[TimeControl "180+1"]
[EndTime "11:27:29 PDT"]
[Termination "Didici won by checkmate"]

1. e4 c6 2. d3 g6 3. Nf3 Bg7 4. g3 e5 5. Bg2 Ne7 6. O-O O-O 7. d4 exd4 8. Nxd4 d5 9. exd5 Nxd5 10. Nc3 Nxc3 11. bxc3 Nd7 12. Bf4 Nb6 13. Re1 Re8 14.
Qd3 Bd7 15. Rxe8+ Bxe8 16. h4 Nd5 17. Bd2 Nb6 18. Re1 Qd7 19. Bg5 h6 20. Bf4 Rd8 21.
Be5 c5 22. Bxg7 Kxg7 23. Nb3 Qc7 24. Qe3 Na4 25. Qe7 Qxe7 26. Rxe7 b6 27. Rxa7 Nxc3 28. Rb7 Na4 29. Kh2 Bb5 30. Bh3 Bc4 31. Bd7 Nc3 32. Bc6 Rd6 33. Be8 Kf8 34. Bd7 Nxa2 35. Bg4 Nb4 36. Nc1 Nxc2 37. Kg2 Bd5+ 38. Bf3 Bxb7 39.
Bxb7 b5 40. Nb3 c4 41. Nc5 b4 42. Ba6 b3 43. Bxc4 b2 44. Ba2 Nb4 45. Bb1 Rd1 46. Na4 Rxb1 47. Nxb2 Rxb2 48. Kf3 Nd3 49. Kg4 Nxf2+ 50. Kf4 Nh3+ 51. Kg4 Ng1 52. h5 Rb4# 0-1

[Event "*** Titled Tuesday Blitz"]
[Site "Chess.com"]
[Date "2021.04.20"]
[Round "8"]
[White "mishanick"]
[Black "wonderfultime"]
[Result "1-0"]
[WhiteElo "2979"]
[BlackElo "2964"]
[TimeControl "180+1"]
[EndTime "11:27:30 PDT"]
[Termination "mishanick won on time"]

1. d4 Nf6 2. Nf3 e6 3. c4 Nc6 4. g3 Bb4+ 5. Bd2 Qe7 6. Bg2 O-O 7. O-O Bxd2 8. Qxd2 d6 9. Nc3 e5 10. h3 e4 11. Ng5 Bf5 12. d5 Ne5 13. Ngxe4 Nxe4 14. Nxe4 Nxc4 15. Qd4 Nb6 16. Rac1 Rfe8 17. Nc3 a6 18. e3 Nd7 19. e4 Bg6 20. f4 h6 21. b4 Rac8 22. a3 Bh7 23. h4 Nf6 24. Rfe1 Ng4 25. Bh3 h5 26. Bxg4 hxg4 27. Re3 c5 28.
dxc6 bxc6 29. Rd1 Red8 30. Qb6 Kh8 31. Kf2 f6 32. Qxa6 Bg8 33. Qe2 Qa7 34. a4 d5 35. exd5 cxd5 36. Nb5 Qxa4 37. Nd4 Re8 38. Rxe8 Rxe8 39. Qd2 Bh7 40. Rc1 Qa3 41. b5 Rb8 42. Rc3 Qa1 43. Rc1 Qa3 44. h5 Be4 45. h6 gxh6 46.
f5 Kg7 47. Rc7+ Kg8 48. Qxh6 Qb2+ 49. Ne2 1-0

[Event "*** Titled Tuesday Blitz"]
[Site "Chess.com"]
[Date "2021.04.20"]
[Round "8"]
[White "ukchessbomber"]
[Black "Shahaliyev"]
[Result "1-0"]
[WhiteElo "2542"]
[BlackElo "2658"]
[TimeControl "180+1"]
[EndTime "11:27:30 PDT"]
[Termination "ukchessbomber won by resignation"]

1. Nf3 d5 2. b3 c6 3. Bb2 Bg4 4. g3 Bxf3 5. exf3 e6 6. Bg2 Nd7 7. O-O Ngf6 8. c4 Bc5 9. d4 Be7 10. Nd2 a5 11. Qc2 a4 12. f4 O-O 13. Nf3 Ne4 14.
Ne5 Nd6 15. c5 Nf5 16. Bc3 Nxe5 17. fxe5 b6 18. b4 Qc8 19. a3 Qa6 20. Rfd1 bxc5 21.
bxc5 Rfb8 22. Bf1 Qc8 23. Bd3 g6 24. Rab1 h5 25. Rxb8 Qxb8 26. Rb1 Qc8 27. Rb4 h4 28. Rxa4 Rb8 29. Ra7 Bg5 30. Bxf5 gxf5 31. Bd2 Qd8 32. Kg2 Kg7 33. Qc1 Bxd2 34. Qxd2 Rb3 35. Qf4 Rd3 36. gxh4 Rd1 37. h5 Rd3 38. h4 Rd1 39. Qg5+ Qxg5+ 40. hxg5 Rxd4 41. g6 Rh4 42. Rxf7+ Kh6 43. Rh7+ Kg5 44.
g7 Rg4+ 45. Kf3 Kh4 46. h6 d4 47. Rh8 d3 48. g8=Q d2 49. Qxg4+ fxg4+ 50. Ke2 1-0

[Event "*** Titled Tuesday Blitz"]
[Site "Chess.com"]
[Date "2021.04.20"]
[Round "8"]
[White "c_r_e_e_p_e_r"]
[Black "ErikBlomqvist"]
[Result "1-0"]
[WhiteElo "2388"]
[BlackElo "2567"]
[TimeControl "180+1"]
[EndTime "11:27:30 PDT"]
[Termination "c_r_e_e_p_e_r won on time"]

1. e4 c6 2. Nc3 d5 3. Nf3 Bg4 4. h3 Bh5 5. exd5 cxd5 6. Bb5+ Nc6 7. g4 Bg6 8. h4 d4 9. Ne5 dxc3 10. Nxc6 Qd5 11.
Nd4+ Kd8 12. O-O Qxd4 13. dxc3 Qxd1 14. Rxd1+ Kc7 15. Rd7+ Kb6 16. a4 e5 17. Be3+ Bc5 18.
Rd6+ Kc7 19. Bxc5 Nf6 20. h5 Bxc2 21. g5 Ne4 22. Rd7+ Kc8 23. Rc1 Nxc5 24. Rd5 Nxa4 25. Rxc2 Nb6 26. Rc5+ Kb8 27. Rxe5 a6 28. Bf1 f6 29.
Re6 Nd5 30. Rd2 Nf4 31. Re7 fxg5 32. Rdd7 Ra7 33. Rxg7 h6 34. Bc4 a5 35. Bf7 a4 36.
Bg6 Rf8 37. Rh7 Rc8 38. Rxh6 a3 39. bxa3 Rxa3 40. Be4 Rb3 41. Rf6 Rcxc3 42. h6 Rh3 43.
Bg2 Rb1+ 44. Bf1 Ne2+ 45. Kg2 g4 46. Bxe2 Rh4 47. Kg3 1-0

[Event "*** Titled Tuesday Blitz"]
[Site "Chess.com"]
[Date "2021.04.20"]
[Round "8"]
[White "sokidze"]
[Black "kingofthenil"]
[Result "1-0"]
[WhiteElo "2756"]
[BlackElo "2635"]
[TimeControl "180+1"]
[EndTime "11:27:32 PDT"]
[Termination "sokidze won by resignation"]

1. d4 Nf6 2. g3 c5 3. d5 e6 4. Nc3 exd5 5. Nxd5 Nxd5 6. Qxd5 d6 7. Nh3 Nc6 8. c3 Be6 9. Qd1 Be7 10. Nf4 O-O 11.
Nxe6 fxe6 12. Bh3 Qd7 13. O-O Bf6 14. Be3 Qe7 15. Qb3 d5 16. Rad1 Rad8 17. Bc1 Kh8 18. Bg2 c4 19. Qc2 b5 20. Be3 e5 21. Rxd5 Qe6 22.
Rxb5 Rb8 23. Rxb8 Rxb8 24. Rd1 h6 25. Bd5 Qe8 26. Qa4 Rc8 27. Bxc4 Qh5 28. Bd5 Qxe2 29. Be4 Ne7 30. Rd2 Qg4 31. Qc2 Rb8 32. Kg2 a5 33. h3 Qe6 34. b3 Bg5 35. Bxg5 hxg5 36. Qd3 Qf6 37. Qf3 Rc8 38. Qxf6 gxf6 39. c4 f5 40. Rd7 Re8 41. Bc2 Kg7 42. Bxf5 Kf6 43. Be4 a4 44. Rd6+ Kf7 45. c5 Rc8 46. c6 a3 47. b4 Rc7 48. b5 Nc8 49. Rd7+ Rxd7 50. cxd7 Ke7 51. dxc8=Q 1-0

[Event "*** Titled Tuesday Blitz"]
[Site "Chess.com"]
[Date "2021.04.20"]
[Round "8"]
[White "NoboaKevin1999"]
[Black "enriquetejedor"]
[Result "0-1"]
[WhiteElo "2452"]
[BlackElo "2626"]
[TimeControl "180+1"]
[EndTime "11:27:32 PDT"]
[Termination "enriquetejedor won on time"]

1. d4 f5 2. Nf3 Nf6 3. g3 g6 4. Bg2 Bg7 5. O-O O-O 6. b4 d6 7. Bb2 c6 8. Nbd2 Na6 9. a3 Nc7 10. c4 Kh8 11. Qc2 Be6 12. Rfe1 Qd7 13. Rad1 Bg8 14. e4 fxe4 15. Nxe4 Nxe4 16. Qxe4 Rae8 17. Qc2 b5 18. d5 cxd5 19. Bxg7+ Kxg7 20. cxd5 Bxd5 21.
Nd4 Bxg2 22. Qxc7 Bh3 23. Qc3 e5 24. Nc2 Rc8 25. Qd2 Rf6 26. Ne3 Qb7 27. Qd5 Qxd5 28. Nxd5 Rf7 29. Ne3 Rd7 30. Rd2 Be6 31. Red1 Rc6 32. f4 exf4 33. gxf4 Kf6 34. Kf2 h5 35. h4 Ke7 36. Kf3 Rc3 37. Ke4 Kf6 38. Rg1 Rxa3 39.
Rdg2 d5+ 40. Kd4 Bf7 41. Rg5 Rb3 42. f5 gxf5 43. Rxf5+ Ke7 44. Re5+ Kd8 45. Nxd5 Rxb4+ 0-1